 Dungeon Crawl Stone Soup version 0.22-a0-447-gee5f723 (webtiles) character file.

2580 jerryfan the Vexing (level 9, -6/68 HPs)
             Began as a Gnoll Arcane Marksman on June 3, 2018.
             Shot with a sling bullet by Joseph (16 damage)
             ... on level 7 of the Dungeon.
             The game lasted 00:43:51 (4749 turns).

jerryfan the Vexing (Gnoll Arcane Marksman)         Turns: 4749, Time: 00:43:51

Health: -6/68      AC:  7    Str: 15    XL:     9   Next: 58%
Magic:  14/16      EV: 16    Int: 16    God:
Gold:   160        SH:  0    Dex: 16    Spells: 4/18 levels left

rFire    . . .     SeeInvis .   a - +0 shortbow
rCold    . . .     Gourm    .   (shield currently unavailable)
rNeg     . . .     Faith    .   D - +3 leather armour
rPois    .         Spirit   .   (no helmet)
rElec    .         Reflect  .   (no cloak)
rCorr    .         Harm     .   E - +0 pair of gloves
MR       .....                  (no boots)
Stlth    +++.......             v - amulet of regeneration
HPRegen  0.61/turn              (no ring)
MPRegen  0.15/turn              (no ring)

@: hasted, very quick
A: distributed training, fangs 1, strong nose
a: no special abilities


You were on level 7 of the Dungeon.
You were not hungry.

You visited 1 branch of the dungeon, and saw 8 of its levels.

You collected 329 gold pieces.
You spent 169 gold pieces at shops.

Inventory:

Hand Weapons
 a - a +0 shortbow (weapon)
 l - a cursed -1 short sword
 s - a +3 dagger
 y - a +0 blowgun
 C - a +1 scimitar of electrocution
 F - a +0 dagger of venom
 I - a +2 dagger of distortion
Missiles
 d - 108 arrows (quivered)
 g - 21 poisoned needles
 h - 26 sling bullets
 i - 5 tomahawks
 o - 26 bolts
Armour
 e - a +0 robe
 D - a +3 leather armour (worn)
 E - a +0 pair of gloves (worn)
 J - a +0 troll leather armour
Jewellery
 v - an amulet of regeneration (around neck)
Wands
 B - a wand of iceblast (8)
 H - a wand of enslavement (11)
Scrolls
 b - a scroll of magic mapping {unknown}
 j - a scroll of enchant armour {unknown}
 m - 3 scrolls of teleportation
 q - 4 scrolls of remove curse
 r - 4 scrolls of identify
 t - a scroll of enchant weapon {unknown}
 x - 3 scrolls of immolation {unknown}
 A - 2 scrolls of blinking {unknown}
Potions
 c - 2 potions of flight {unknown}
 n - a potion of haste
 p - 2 potions of curing
 w - 2 potions of resistance {unknown}
 z - a potion of ambrosia {unknown}
 K - a potion of mutation {unknown}
Comestibles
 f - 9 rations
 k - 3 chunks of flesh


   Skills:
 + Level 5.1 Fighting
 + Level 4.3 Short Blades
 + Level 4.3 Long Blades
 + Level 4.3 Axes
 + Level 4.3 Maces & Flails
 + Level 4.3 Polearms
 + Level 4.3 Staves
 + Level 4.3 Slings
 + Level 6.3 Bows
 + Level 4.3 Crossbows
 + Level 4.3 Throwing
 + Level 4.3 Armour
 + Level 6.3 Dodging
 + Level 4.3 Stealth
 + Level 4.3 Shields
 + Level 4.3 Unarmed Combat
 + Level 5.2 Spellcasting
 + Level 3.5 Conjurations
 + Level 6.6 Hexes
 + Level 3.5 Charms
 + Level 3.5 Summonings
 + Level 3.5 Necromancy
 + Level 3.5 Translocations
 + Level 3.5 Transmutations
 + Level 3.5 Fire Magic
 + Level 3.5 Ice Magic
 + Level 3.5 Air Magic
 + Level 3.5 Earth Magic
 + Level 3.5 Poison Magic
 + Level 4.7 Invocations
 + Level 4.3 Evocations


You had 4 spell levels left.
You knew the following spells:

 Your Spells              Type           Power        Failure   Level  Hunger
a - Corona                Hex            ####...      1%          1    None
b - Slow                  Hex            ####....     1%          2    #......
c - Animate Skeleton      Necr           N/A          4%          1    None
d - Pain                  Necr           ###.         4%          1    None
e - Inner Flame           Hex/Fire       ###.....     7%          3    ###....
f - Magic Dart            Conj           ###.         4%          1    None
g - Tukima's Dance        Hex            ####....     3%          3    ###....
h - Searing Ray           Conj           ###...       6%          2    #......

Your spell library contained the following spells:

 Spells                   Type           Power        Failure   Level  Hunger
 Cause Fear               Hex            ####......   12%         4    ####...
 Confuse                  Hex            ####....     3%          3    ###....
 Iskenderun's Mystic Bla  Conj           ###.....     38%         4    ####...
 Animate Dead             Necr           N/A          38%         4    ####...
 Vampiric Draining        Necr           ###.......   13%         3    ###....
 Regeneration             Chrm/Necr      ###.......   13%         3    ###....
 Ensorcelled Hibernation  Hex/Ice        ###...       3%          2    #......
 Portal Projectile        Hex/Tloc       ###...       7%          3    ###....
 Leda's Liquefaction      Hex/Erth       ###.......   22%         4    ####...
 Fulminant Prism          Conj/Hex       ###.......   22%         4    ####...
 Dazzling Spray           Conj/Hex       ###...       7%          3    ###....
 Force Lance              Conj/Tloc      ###.....     38%         4    ####...


Dungeon Overview and Level Annotations

Branches:
Dungeon (8/15)
 Temple: D:4-7         Lair: D:8-11

Altars:
Trog

Shops:
D:5 }

Annotations:
D:4 Menkaure, Pikel
D:7 Joseph; incide's ghost, novice MiFi


Innate Abilities, Weirdness & Mutations

Your experience applies equally to all skills.
You have very sharp teeth.
Your uncanny sense of smell can sniff out nearby items.


Message History

* * * LOW HITPOINT WARNING * * *
Okay, then.
You feel better.
Joseph shoots a sling bullet.
The sling bullet hits you.
* * * LOW HITPOINT WARNING * * *
Number of times to repeat, then command key: You must enter the number of times for the command to repeat.
You feel yourself speed up. Incide's ghost closely misses you.
You feel better. Incide's ghost hits you!
* * * LOW HITPOINT WARNING * * *
Incide's ghost freezes you.
* * * LOW HITPOINT WARNING * * *
Joseph shoots a sling bullet.
The sling bullet barely misses you.
Casting: Animate Skeleton (safe; 4% risk of failure)
Confirm with . or Enter, or press ? or * to list all spells.
Aiming: Slow (safe; 1% risk of failure)
Press: ? - help, Shift-Dir - straight line, f - Joseph
Aim: Joseph, wielding an enchanted hunting sling and wearing a leather armour (fast, chance to defeat MR: 48%) Joseph resists with some effort.
Joseph shoots a sling bullet.
The sling bullet hits you!
You die...

####..>..# #.#..)...# #...[##
#.#.#.(.## #....# ##.#.#..##
#....###.......#
####......#.##.####..
#.#.......@W.....#
##.#..........#####
#.......#..#######
###...#.#.#@## #..##
#...........# #...##
####...........# ##...#
###.....#.....)(### #.#.#
..#.#.#########...#####>#.####
..#.#.# #.#..##.)......#
..#Z..#########.##.........###
................)..........#
........<.....#######......#


You could see Joseph and incide's ghost.

Vanquished Creatures
  Sigmund (D:5)
  Duvessa (D:7)
  4 orc warriors
  2 slaves (D:4)
  A hornet zombie (D:7)
  A phantom (D:5)
  An ogre (D:5)
  4 centaurs
  3 bullfrogs (D:7)
  Blork the orc (D:4)
  2 scorpions
  Dowan (D:7)
  2 howler monkeys
  3 crimson imps
  2 hounds
  A jelly (D:7)
  A bullfrog skeleton (D:5)
  A centaur skeleton (D:4)
  3 orc priests (D:6)
  A gnoll shaman (D:4)
  7 orc wizards
  Ijyb (D:4)
  4 worker ants
  7 gnolls
  7 adders
  A shadow imp (D:6)
  An adder skeleton (D:4)
  2 dart slugs (D:1)
  A worm (D:3)
  2 leopard geckos
  23 orcs
  7 bats
  2 giant cockroaches
  7 goblins
  2 hobgoblins
  9 jackals
  3 quokkas
  2 frilled lizards (D:4)
  8 kobolds
  A quokka skeleton (D:4)
  A quokka zombie (D:6)
  5 rats
139 creatures vanquished.

Vanquished Creatures (collateral kills)
  An ooze (D:3)
  An orc (D:6)
2 creatures vanquished.

Grand Total: 141 creatures vanquished

Notes
Turn   | Place    | Note
-------+----------+-------------------------------------------
     0 | D:1      | jerryfan the Gnoll Arcane Marksman began the quest for the Orb.
     0 | D:1      | Reached XP level 1. HP: 17/17 MP: 4/4
   116 | D:1      | Reached XP level 2. HP: 23/23 MP: 5/5
   842 | D:2      | Reached XP level 3. HP: 28/28 MP: 7/7
   988 | D:2      | Reached skill level 1 in Invocations
  1002 | D:2      | Reached skill level 1 in Short Blades
  1002 | D:2      | Reached skill level 1 in Long Blades
  1002 | D:2      | Reached skill level 1 in Axes
  1002 | D:2      | Reached skill level 1 in Maces & Flails
  1002 | D:2      | Reached skill level 1 in Polearms
  1002 | D:2      | Reached skill level 1 in Staves
  1002 | D:2      | Reached skill level 1 in Slings
  1002 | D:2      | Reached skill level 1 in Crossbows
  1002 | D:2      | Reached skill level 1 in Throwing
  1002 | D:2      | Reached skill level 1 in Armour
  1002 | D:2      | Reached skill level 1 in Stealth
  1002 | D:2      | Reached skill level 1 in Shields
  1002 | D:2      | Reached skill level 1 in Unarmed Combat
  1002 | D:2      | Reached skill level 1 in Evocations
  1092 | D:3      | Reached XP level 4. HP: 34/34 MP: 8/8
  1168 | D:3      | Learned a level 2 spell: Slow
  1359 | D:3      | Learned a level 1 spell: Animate Skeleton
  1361 | D:3      | Learned a level 1 spell: Pain
  1365 | D:3      | Learned a level 3 spell: Inner Flame
  1455 | D:3      | Reached skill level 1 in Conjurations
  1455 | D:3      | Reached skill level 1 in Charms
  1455 | D:3      | Reached skill level 1 in Summonings
  1455 | D:3      | Reached skill level 1 in Necromancy
  1455 | D:3      | Reached skill level 1 in Translocations
  1455 | D:3      | Reached skill level 1 in Transmutations
  1455 | D:3      | Reached skill level 1 in Fire Magic
  1455 | D:3      | Reached skill level 1 in Ice Magic
  1455 | D:3      | Reached skill level 1 in Air Magic
  1455 | D:3      | Reached skill level 1 in Earth Magic
  1455 | D:3      | Reached skill level 1 in Poison Magic
  1777 | D:4      | Noticed a slave
  1780 | D:4      | Noticed Pikel
  1780 | D:4      | Noticed a slave
  1780 | D:4      | Noticed a slave
  1780 | D:4      | Noticed a slave
  1812 | D:4      | Noticed Ijyb
  1908 | D:4      | Reached XP level 5. HP: 40/40 MP: 9/9
  2015 | D:4      | Killed a slave
  2099 | D:4      | Killed a slave
  2298 | D:4      | Noticed Blork the orc
  2336 | D:4      | Killed Ijyb
  2336 | D:4      | Reached XP level 6. HP: 33/47 MP: 8/10
  2337 | D:4      | Killed Blork the orc
  2344 | D:4      | Reached skill level 5 in Bows
  2344 | D:4      | Reached skill level 5 in Dodging
  2477 | D:4      | Reached XP level 7. HP: 50/52 MP: 12/12
  2596 | D:4      | Noticed Menkaure
  2621 | D:5      | Entered Level 5 of the Dungeon
  2621 | D:5      | Noticed Sigmund
  2642 | D:5      | Killed Sigmund
  2750 | D:5      | Reached XP level 8. HP: 35/60 MP: 10/14
  2837 | D:5      | Found Upsucuna's Gadget Boutique.
  2929 | D:5      | Learned a level 1 spell: Magic Dart
  2970 | D:5      | Learned a level 3 spell: Tukima's Dance
  3113 | D:5      | Bought a wand of enslavement (11) for 169 gold pieces
  3609 | D:6      | Learned a level 2 spell: Searing Ray
  3870 | D:6      | Reached XP level 9. HP: 51/66 MP: 16/16
  3959 | D:6      | Found a bloodstained altar of Trog.
  4301 | D:8      | Noticed a two-headed ogre
  4447 | D:7      | Noticed Duvessa
  4458 | D:7      | Noticed Dowan
  4461 | D:7      | Killed Dowan
  4467 | D:7      | Killed Duvessa
  4467 | D:7      | Reached skill level 5 in Spellcasting
  4520 | D:7      | Reached skill level 5 in Fighting
  4725 | D:7      | Noticed incide's ghost (novice MiFi)
  4734 | D:7      | Noticed Joseph
  4749 | D:7      | Shot with a sling bullet by Joseph

Vault maps used:
D:1:      dpeg_arrival_simpleton_b, minmay_misc_feat_nine_boxes,
          minmay_pentomino_z4
D:3:      first_ration
D:4:      small_statue_intersection, uniq_menkaure, uniq_blork_the_orc,
          uniq_ijyb, uniq_pikel
D:5:      serial_shops, shop, uniq_sigmund
D:6:      marbit_many_paths
D:7:      temple_green, serial_shops, shop, due_unseen_surprise, uniq_joseph,
          uniq_duvessa
D:8:      david_lair_shrubbed

Skill      XL: |  1  2  3  4  5  6  7  8  9 |
---------------+----------------------------+-----
Invocations    | 1 2 3 4 |  4.7
Short Blades   | 1 2 3 4 |  4.3
Long Blades    | 1 2 3 4 |  4.3
Axes           | 1 2 3 4 |  4.3
Maces & Flails | 1 2 3 4 |  4.3
Polearms       | 1 2 3 4 |  4.3
Staves         | 1 2 3 4 |  4.3
Slings         | 1 2 3 4 |  4.3
Crossbows      | 1 2 3 4 |  4.3
Throwing       | 1 2 3 4 |  4.3
Armour         | 1 2 3 4 |  4.3
Stealth        | 1 2 3 4 |  4.3
Shields        | 1 2 3 4 |  4.3
Unarmed Combat | 1 2 3 4 |  4.3
Evocations     | 1 2 3 4 |  4.3
Spellcasting   | 3 4 5 |  5.2
Conjurations   | 1 2 3 |  3.5
Charms         | 1 2 3 |  3.5
Summonings     | 1 2 3 |  3.5
Necromancy     | 1 2 3 |  3.5
Translocations | 1 2 3 |  3.5
Transmutations | 1 2 3 |  3.5
Fire Magic     | 1 2 3 |  3.5
Ice Magic      | 1 2 3 |  3.5
Air Magic      | 1 2 3 |  3.5
Earth Magic    | 1 2 3 |  3.5
Poison Magic   | 1 2 3 |  3.5
Fighting       | 3 4 5 |  5.1
Bows           | 5 6 |  6.3
Dodging        | 5 6 |  6.3
Hexes          | 6 |  6.6

Action                   |  1- 3 |  4- 6 |  7- 9 || total
-------------------------+-------+-------+-------++-------
Melee: Dagger            |     1 |    86 |   133 ||   220
       Bite              |       |     5 |    13 ||    18
       Scimitar          |       |     1 |     2 ||     3
       Punch             |       |       |     3 ||     3
 Fire: Shortbow          |    86 |   134 |   145 ||   365
       Blowgun           |       |     5 |    28 ||    33
Throw: Javelin           |       |     2 |     9 ||    11
       Tomahawk          |       |       |     4 ||     4
 Cast: Animate Skeleton  |       |     9 |     9 ||    18
       Slow              |       |     9 |    14 ||    23
       Inner Flame       |       |     3 |     8 ||    11
       Pain              |       |     2 |     7 ||     9
       Magic Dart        |       |       |    14 ||    14
       Searing Ray       |       |       |     3 ||     3
       Tukima's Dance    |       |       |     2 ||     2
  Use: Scroll            |     3 |     1 |     2 ||     6
       Potion            |       |     2 |     9 ||    11
 Stab: Paralysed         |       |     1 |    13 ||    14
       Sleeping          |       |       |     1 ||     1
  Eat: Chunk             |       |     2 |     9 ||    11
       Ration            |       |     1 |       ||     1
Armor: Robe              |     2 |    13 |    13 ||    28
       Skin              |       |    15 |   105 ||   120
       Leather armour    |       |       |    33 ||    33
Dodge: Dodged            |    35 |    81 |   154 ||   270
       Rpst.: Scimitar   |       |       |     3 ||     3

Table legend:
 A = Spawn XP
 B = Non-spawn XP
 C = Spawn XP percentage of total XP
 D = Spawn monster count
 E = Non-spawn monster count
 F = Spawn count percentage of total count
 G = Total turns spent on level
                    A         B        C        D         E        F      G
               +---------+---------+-------+---------+---------+-------+---------
         Total |       0 |    3686 |   0.0 |       0 |     139 |   0.0 |  4749
               +---------+---------+-------+---------+---------+-------+---------
           D:1 |       0 |      31 |   0.0 |       0 |      16 |   0.0 |   828
           D:2 |       0 |      50 |   0.0 |       0 |       7 |   0.0 |   259
           D:3 |       0 |      65 |   0.0 |       0 |      21 |   0.0 |   661
           D:4 |       0 |     531 |   0.0 |       0 |      28 |   0.0 |   873
           D:5 |       0 |     832 |   0.0 |       0 |      14 |   0.0 |   717
           D:6 |       0 |    1088 |   0.0 |       0 |      34 |   0.0 |   935
           D:7 |       0 |    1089 |   0.0 |       0 |      19 |   0.0 |   474
               +---------+---------+-------+---------+---------+-------+---------
